 Dungeon Crawl Stone Soup version 0.22-a0-398-g8bb545f (webtiles) character file.

241 emperorscorpion the Cudgeler (level 6, -3/39 HPs)
             Began as a Gargoyle Berserker on May 5, 2018.
             Was a Believer of Trog.
             Killed by divine providence
             ... invoked by an orc priest
              (16 damage)
             ... on level 2 of the Dungeon.
             The game lasted 00:02:29 (1235 turns).

emperorscorpion the Cudgeler (Gargoyle Berserker)   Turns: 1235, Time: 00:02:29

Health: -3/39      AC: 12    Str: 22    XL:     6   Next: 8%
Magic:  15/15      EV:  8    Int:  8    God:    Trog [**....]
Gold:   80         SH:  0    Dex:  9    Spells: 5/5 levels left

rFire    . . .     SeeInvis .   a - +0 flail
rCold    . . .     Gourm    .   (no shield)
rNeg     + . .     Faith    .   u - -1 chain mail (curse)
rPois    ∞         Spirit   .   (no helmet)
rElec    +         Reflect  .   (no cloak)
rCorr    .         Harm     .   (no gloves)
MR       .....     Rnd*Tele +   (no boots)
Stlth    ..........             (no amulet)
HPRegen  0.13/turn              d - ring of teleportation
MPRegen  0.14/turn              g - ring of magical power

@: no status effects
A: negative energy resistance 1, electricity resistance, unbreathing,
petrification resistance, rot immunity, AC +4
a: Berserk, Trog's Hand, Renounce Religion


You were on level 2 of the Dungeon.
You worshipped Trog.
Trog was pleased with you.
You were not hungry.

You visited 1 branch of the dungeon, and saw 2 of its levels.

You collected 80 gold pieces.

Inventory:

Hand Weapons
 a - a +0 flail (weapon)
 e - a +0 mace
Armour
 b - a +0 animal skin
 j - a +0 ring mail
 u - a cursed -1 chain mail (worn)
Jewellery
 d - a ring of teleportation (left hand)
 g - a ring of magical power (right hand)
Scrolls
 h - a scroll of enchant armour
 n - a scroll of identify
 o - a scroll of fear
Potions
 i - a potion of cancellation {unknown}
 l - a potion of agility {unknown}
 m - a potion of mutation {unknown}
 q - a potion of invisibility {unknown}
 r - a potion of heal wounds {unknown}
 s - a potion of lignification {unknown}
 t - a potion of resistance {unknown}
Comestibles
 c - 3 rations
 f - 3 chunks of flesh


   Skills:
 + Level 4.3 Fighting
 + Level 4.8 Maces & Flails
 + Level 3.2 Armour
 + Level 2.7 Dodging
 + Level 0.2 Stealth


You had 5 spell levels left.
You didn't know any spells.

Dungeon Overview and Level Annotations

Branches:
Dungeon (2/15)

Altars:


Innate Abilities, Weirdness & Mutations

You are resistant to torment.
Your stone body is resilient. (AC +4)
You are immune to poison.
You resist negative energy. (rN+)
You are resistant to electric shocks. (rElec)
You can survive without breathing.
You are immune to petrification.
You are immune to rotting.


Message History

You hear a shout!
You hear an angry hiss.
You hear a shout! x3
You hear an angry hiss.
You are suddenly yanked towards some nearby monsters!
Your surroundings suddenly seem different.
Found a scroll of identify.
A giant cockroach, a hobgoblin, a kobold and an orc priest come into view.
The giant cockroach barely misses you. The kobold closely misses you.
The giant cockroach bites you. The hobgoblin closely misses you.
The giant cockroach bites you but does no damage.
The hobgoblin hits you but does no damage.
The hobgoblin hits you but does no damage.
The giant cockroach closely misses you.
Your chain mail prevents you from hitting the giant cockroach.
The giant cockroach bites you but does no damage.
You hit the giant cockroach but do no damage.
The giant cockroach bites you but does no damage.
The orc priest invokes the aid of Beogh against you.
Beogh smites you!
You die...

.. #.# .... ...... .......
.... ...... ..##.......
.#.## ...... ..$....[...
#...###...... ###.. .......
#.#........# #.... .......
#.#........# ....# ........
#@#...o...#
..#.##.........#s#.......###
###.#..........?go..........
.........................###
###.#...........##.........#
###.#....................#.#
.##.#..#.........######..# .
.##.#..##.......# ..#
........ ....... ..#


You could see an orc priest, a giant cockroach and a hobgoblin.

Vanquished Creatures
  Sigmund (D:2)
  An orc priest (D:2)
  An adder (D:2)
  2 orcs (D:2)
  A ball python (D:1)
  5 goblins
  4 hobgoblins (D:1)
  9 jackals (D:1)
  2 bats (D:1)
  2 frilled lizards
  4 kobolds
  3 rats
35 creatures vanquished.

Notes
Turn   | Place    | Note
-------+----------+-------------------------------------------
     0 | D:1      | emperorscorpion the Gargoyle Berserker began the quest for the Orb.
     0 | D:1      | Reached XP level 1. HP: 14/14 MP: 1/1
    72 | D:1      | Reached XP level 2. HP: 2/19 MP: 2/2
   607 | D:1      | Reached XP level 3. HP: 24/24 MP: 3/3
  1079 | D:2      | Noticed Sigmund
  1094 | D:2      | Killed Sigmund
  1094 | D:2      | Reached XP level 4. HP: 30/30 MP: 4/4
  1094 | D:2      | Reached XP level 5. HP: 34/34 MP: 5/5
  1160 | D:2      | Reached ** piety under Trog
  1170 | D:2      | Reached XP level 6. HP: 8/39 MP: 6/6
  1235 | D:2      | Killed from afar by an orc priest

Vault maps used:
D:1:      denvon_arrival_planthouse, serial_park_tiny_pond
D:2:      uniq_sigmund, uniq_crazy_yiuf_cottage

Skill      XL: |  1  2  3 |
---------------+----------+-----
Fighting       | 4 |  4.3
Maces & Flails | 4 |  4.8
Armour         | 3 |  3.2
Dodging        | 2 |  2.7
Stealth        | |  0.2

Action                   |  1- 3 |  4- 6 || total
-------------------------+-------+-------++-------
Melee: Mace              |    95 |    23 ||   118
       Flail             |       |     5 ||     5
Invok: Berserk           |     2 |       ||     2
  Use: Potion            |     2 |       ||     2
       Scroll            |       |     4 ||     4
  Eat: Chunk             |     1 |     2 ||     3
Armor: Animal skin       |    21 |       ||    21
       Ring mail         |    14 |    15 ||    29
       Chain mail        |       |     5 ||     5
Dodge: Dodged            |    80 |    31 ||   111

Table legend:
 A = Spawn XP
 B = Non-spawn XP
 C = Spawn XP percentage of total XP
 D = Spawn monster count
 E = Non-spawn monster count
 F = Spawn count percentage of total count
 G = Total turns spent on level
                    A         B        C        D         E        F      G
               +---------+---------+-------+---------+---------+-------+---------
         Total |       0 |     345 |   0.0 |       0 |      35 |   0.0 |  1235
               +---------+---------+-------+---------+---------+-------+---------
           D:1 |       0 |      43 |   0.0 |       0 |      26 |   0.0 |  1079
           D:2 |       0 |     302 |   0.0 |       0 |       9 |   0.0 |   156
               +---------+---------+-------+---------+---------+-------+---------
